 Dungeon Crawl Stone Soup version 0.20.0-15-g7f486f2 (webtiles) character file.

300 anfisbena the Slasher (level 6, 0/55 HPs)
             Began as a Tengu Berserker on June 17, 2017.
             Was a Believer of Trog.
             Slain by Quirk's ghost (11 damage)
             ... on level 4 of the Dungeon.
             The game lasted 00:03:49 (2699 turns).

anfisbena the Slasher (Tengu Berserker)             Turns: 2699, Time: 00:03:49

Health: 0/55       AC:  8    Str: 23    XL:     6   Next: 36%
Magic:  7/7        EV:  6    Int:  7    God:    Trog [**....]
Gold:   139        SH:  2    Dex: 15    Spells: 5/5 levels left

rFire    . . .     SeeInvis .   o - +0 long sword
rCold    . . .     Gourm    .   (no shield)
rNeg     + . .     Faith    .   e - +0 chain mail
rPois    .         Spirit   .   (helmet restricted)
rElec    .         Reflect  +   (no cloak)
rCorr    .         Harm     .   (no gloves)
MR       .....                  (boots unavailable)
Stlth    ..........             s - +2 amulet of reflection
Regen    0.2/turn               n - -3 ring of evasion (curse)
MPRegen  0.1/turn               w - ring of positive energy

@: berserking, very quick
A: beak, talons 3, able to fly 1
a: Fly, Berserk, Trog's Hand, Burn Spellbooks, Renounce Religion


You were on level 4 of the Dungeon.
You worshipped Trog.
Trog was pleased with you.
You were hungry.

You visited 1 branch of the dungeon, and saw 4 of its levels.

You collected 139 gold pieces.

Inventory:

Hand Weapons
 o - a +0 long sword (weapon)
Armour
 e - a +0 chain mail (worn)
Jewellery
 n - a cursed -3 ring of evasion (left hand)
 s - a +2 amulet of reflection (around neck)
 w - a ring of positive energy (right hand)
Wands
 a - a wand of iceblast (3/15)
 m - a wand of lightning (5/15)
Scrolls
 d - a scroll of fog {unknown}
 i - 3 scrolls of remove curse {unknown}
 j - 2 scrolls of identify {unknown}
 p - a scroll of teleportation {unknown}
 r - a scroll of enchant weapon {unknown}
 v - a scroll of enchant armour {unknown}
 x - a scroll of blinking {unknown}
Potions
 b - a potion of magic {unknown}
 g - a potion of agility {unknown}
 h - a potion of invisibility {unknown}
 q - a potion of brilliance {unknown}
 t - a potion of heal wounds {unknown}
 u - 2 potions of resistance {unknown}
 z - a potion of curing {unknown}
Comestibles
 c - 4 bread rations
 f - a royal jelly
 k - 2 meat rations
 l - a fruit


   Skills:
 - Level 3.0 Fighting
 + Level 7.6 Long Blades
 - Level 2.1 Armour
 - Level 2.1 Dodging


You had 5 spell levels left.
You didn't know any spells.

Dungeon Overview and Level Annotations

Branches:
Dungeon (4/15)
 Temple: D:4-7

Altars:

Annotations:
D:4 Quirk's ghost, amateur DsFi


Innate Abilities, Weirdness & Mutations

You have a beak for a mouth.
You have claws for feet.
You can fly.


Message History

* * * LOW HITPOINT WARNING * * *
You hit Quirk's ghost but do no damage. You peck Quirk's ghost.
Quirk's ghost is heavily damaged.
Quirk's ghost barely misses you.
Quirk's ghost wails.
Quirk's ghost says, "Live by the sword, die by the sword."
A red film seems to cover your vision as you go berserk!
You feel yourself moving faster!
You feel mighty!
You are feeling hungry.
Quirk's ghost hits you.
* * * LOW HITPOINT WARNING * * *
You barely miss Quirk's ghost. Your kick misses Quirk's ghost.
Quirk's ghost is heavily damaged.
Quirk's ghost barely misses you.
You slash Quirk's ghost!
Quirk's ghost is severely damaged.
You barely miss Quirk's ghost. Your kick misses Quirk's ghost.
Quirk's ghost is severely damaged.
Quirk's ghost hits you!
You die...

###.##.##.#....#.# ... .
..........######.######## ##.##
. ###...>.................. ...
..
#.##.#.#............######.##..
####.#..............##.........
#.#.......##.....#%.........
#<#..............#..........
#.#....#.###.....#..........
#.#.#.....W@<....#..........
#.##########.....#......).##
#.........##..............#
#########.##....###.......#
#.##....# #.......#
#.##....#####...####
####.##................
####.....###.#........####
.........###.#........#


You could see Quirk's ghost.

Vanquished Creatures
  A phantom (D:4)
  An ogre (D:4)
  An orc wizard (D:3)
  Terence (D:2)
  2 oozes
  An adder skeleton (D:4)
  A worm (D:3)
  2 dart slugs (D:1)
  4 orcs (D:3)
  A giant cockroach (D:1)
  5 goblins
  10 hobgoblins
  A quokka (D:4)
  A ball python (D:4)
  3 bats
  4 frilled lizards
  7 kobolds
  9 rats
55 creatures vanquished.

Notes
Turn   | Place    | Note
-------+----------+-------------------------------------------
     0 | D:1      | anfisbena the Tengu Berserker began the quest for the Orb.
     0 | D:1      | Reached XP level 1. HP: 14/14 MP: 2/2
   268 | D:1      | Reached XP level 2. HP: 19/19 MP: 3/3
   509 | D:1      | Reached skill level 4 in Long Blades
   775 | D:1      | Reached XP level 3. HP: 23/23 MP: 4/4
   845 | D:2      | Noticed Terence
   860 | D:2      | Killed Terence
   860 | D:2      | Reached skill level 5 in Long Blades
  1088 | D:2      | Reached XP level 4. HP: 28/28 MP: 5/5
  1123 | D:2      | Reached ** piety under Trog
  2026 | D:3      | Reached skill level 6 in Long Blades
  2026 | D:3      | Gained mutation: You can fly. [Tengu growth]
  2026 | D:3      | Reached XP level 5. HP: 20/32 MP: 6/6
  2558 | D:4      | Noticed an ogre
  2561 | D:4      | Noticed a phantom
  2565 | D:4      | Killed an ogre
  2565 | D:4      | Reached skill level 7 in Long Blades
  2573 | D:4      | Killed a phantom
  2573 | D:4      | Reached XP level 6. HP: 34/37 MP: 3/7
  2658 | D:4      | Noticed Quirk's ghost (amateur DsFi)
  2699 | D:4      | Slain by Quirk's ghost

Skill      XL: |  1  2  3  4  5 |
---------------+----------------+-----
Long Blades    | 4 5 6 7 |  7.6
Fighting       | |  3.0
Armour         | |  2.1
Dodging        | |  2.1

Action                   |  1- 3 |  4- 6 || total
-------------------------+-------+-------++-------
Melee: Falchion          |    52 |    24 ||    76
       Peck              |    10 |    22 ||    32
       Kick              |    18 |    22 ||    40
       Long sword        |       |    63 ||    63
Invok: Berserk           |     1 |     2 ||     3
 Abil: Fly               |       |     2 ||     2
  Eat: Chunk             |     1 |     7 ||     8
Armor: Chain mail        |    22 |    54 ||    76
       Leather armour    |     2 |       ||     2
       Animal skin       |     2 |       ||     2
Dodge: Dodged            |    25 |    22 ||    47
Block: Other             |       |     5 ||     5
       Rpst.: Falchion   |    10 |     4 ||    14
       Long sword        |       |     3 ||     3
